 Dungeon Crawl Stone Soup version 0.32-a0-18-g89e19f1974 (webtiles) character file.

Game seed: 9400572778202171158

43 BigPumpCobain the Ruffian (level 3, -2/29 HPs)
             Began as a Draconian Shapeshifter on Jan 16, 2024.
             Slain by Terence
             ... wielding a +0 hand axe
              (4 damage)
             ... on level 2 of the Dungeon.
             The game lasted 00:01:23 (1302 turns).

BigPumpCobain the Ruffian (Draconian Shapeshifter)  Turns: 1302, Time: 00:01:24

Health: -2/29      AC:  5    Str: 18    XL:     3   Next: 37%
Magic:  3/3        EV: 12    Int: 10    God:
Gold:   42         SH:  0    Dex: 10    Spells: 2/2 levels left

rFire   . .          .
                       - Unarmed
rCold   . . .        (no shield)
rNeg    . . .        (body armour unavailable)
rPois   .            (helmet currently unavailable)
rElec   .            (cloak currently unavailable)
rCorr   .            (gloves currently unavailable)
SInv    .            (boots currently unavailable)
Will    .....        (no amulet)
Stlth   +            (no ring)
HPRegen 0.24/turn    (no ring)
MPRegen 0.08/turn

%: no passive effects
@: beast-form
A: beast (slay +1), AC +5, unfitting armour, cold-blooded
a: Begin Untransformation


You were on level 2 of the Dungeon.
You were a hulking beast.
You visited 1 branch of the dungeon, and saw 2 of its levels.

You collected 42 gold pieces.

Inventory:

Jewellery
 k - a +4 ring of slaying
Talismans
 b - a beast talisman
 c - a flux talisman
Scrolls
 d - a scroll of enchant armour {unknown}
 f - a scroll of torment {unknown}
 g - a scroll of fear {unknown}
 j - 2 scrolls of blinking {unknown}
Potions
 a - a potion of lignification
 e - a potion of enlightenment {unknown}
 h - a potion of might {unknown}
 i - a potion of heal wounds {unknown}


   Skills:
 + Level 1.8 Fighting
 + Level 2.2 Dodging
 * Level 3.6 Unarmed Combat
 + Level 3.2 Shapeshifting


You had 2 spell levels left.
You didn't know any spells.
Your spell library contained the following spells:

 Spells                   Type           Power      Damage    Failure   Level
 Apportation              Tloc           0%         N/A       36%         1
 Necrotise                Necr           0%         1d4       36%         1
 Shock                    Conj/Air       0%         1d3       36%         1
 Sting                    Conj/Alch      0%         1d3       36%         1
 Summon Small Mammal      Summ           0%         N/A       36%         1
 Swiftness                Air            0%         N/A       75%         3
 Airstrike                Air            0%         2d(0-16)  98%         4
 Cause Fear               Hex            0%         N/A       98%         4
 Fireball                 Conj/Fire      0%         3d3       100%        5
 Dragon's Call            Summ           0%         N/A       100%        9


Dungeon Overview and Level Annotations

Branches:
Dungeon (2/15)

Altars:

Annotations:
D:2 Terence


Innate Abilities, Weirdness & Mutations

You are a hulking beast.
Your limbs bulge with bestial killing power. (Slay +1)
Your plain brown scales are hard. (AC +5)
You cannot fit into any form of body armour.
You are cold-blooded and may be slowed by cold attacks.


Message History

Terence is heavily wounded.
Terence hits you with a +0 hand axe!
You hit Terence but do no damage.
Terence is heavily wounded.
Terence hits you with a +0 hand axe.
You closely miss Terence.
Terence is heavily wounded.
Terence hits you with a +0 hand axe.
You hit Terence but do no damage.
Terence is heavily wounded.
Terence hits you with a +0 hand axe!
You are too injured to fight recklessly!
You are too injured to fight recklessly!
You are too injured to fight recklessly!
You are too injured to fight recklessly!
You are too injured to fight recklessly!
You are too injured to fight recklessly!
You are too injured to fight recklessly!
You are too injured to fight recklessly!
You are too injured to fight recklessly!
You are too injured to fight recklessly!
You hit Terence but do no damage.
Terence is heavily wounded.
Terence barely misses you.
You hit Terence.
Terence is heavily wounded.
Terence barely misses you.
You hit Terence but do no damage.
Terence is heavily wounded.
Terence closely misses you.
You hit Terence but do no damage.
Terence is heavily wounded.
Terence screams, "I want your blood!" Terence hits you with a +0 hand axe!
* * * LOW HITPOINT WARNING * * *
You hit Terence but do no damage.
Terence is heavily wounded.
Terence hits you with a +0 hand axe.
You die...
Terence says, "That felt goooood."

#.... #...#
#...# ##...#
###....#
#......
#.#@#.#
#.#h#.#
#.#.#)#
##.#.#.#
##....#.#
##.###.#<#
#.## ##..#
#.# #..# #.##
##.##
##.###.####.#


You could see Terence.

Vanquished Creatures
  A gnoll (D:1)
  2 bats
  3 endoplasms
  4 giant cockroaches
  6 goblins
  2 hobgoblins (D:1)
  A kobold (D:1)
  2 quokkas (D:1)
  5 ball pythons
  3 frilled lizards
29 creatures vanquished.

Notes
Turn   | Place    | Note
-------+----------+-------------------------------------------
     0 | D:1      | BigPumpCobain the Draconian Shapeshifter began the quest
                  | for the Orb.
     0 | D:1      | Reached XP level 1. HP: 16/16 MP: 1/1
    87 | D:1      | Found a faded altar of an unknown god.
   336 | D:1      | Reached XP level 2. HP: 23/23 MP: 2/2
   739 | D:1      | Reached XP level 3. HP: 29/29 MP: 3/3
  1282 | D:2      | Noticed Terence
  1302 | D:2      | Slain by Terence

Illustrated notes

Levels and vault maps discovered:
D:1:      minmay_arrival_up_and_down, layout_loops_corners,
          shapermc_ecumenical_altar_flowoftime, fountainhead,
          minmay_pentomino_x4
D:2:      layout_loops_ring, basic_altar, uniq_natasha, uniq_terence

Skill      XL: |  1  2 |
---------------+-------+-----
Dodging        | 2 |  2.2
Fighting       | |  1.8
Unarmed Combat | |  3.6
Shapeshifting  | |  3.2

Action                     || total
---------------------------++-------
  Melee: Unarmed           ||    98
         Punch             ||     5
         Tailslap          ||     8
   Stab: Sleeping          ||     1
 Armour: Skin              ||    43
  Dodge: Dodged            ||    49

Table legend: (Time is in decaauts)
 A = Elapsed time spent in this place.
 B = Non-inter-level travel time spent in this place.
 C = Inter-level travel time spent in this place.
 D = Time resting spent in this place.
 E = Time spent auto-exploring this place.
 F = Levels seen in this place.
 G = Mean time per level.
                   A        B        C        D        E       F      G
               +--------+--------+--------+--------+--------+-----+--------+
         Total |   1299 |   1202 |     97 |      0 |   1014 |   2 |  649.5 |
       Dungeon |   1299 |   1202 |     97 |      0 |   1014 |   2 |  649.5 |
               +--------+--------+--------+--------+--------+-----+--------+

Top non-repeatable levels by time:
     D:1: 1226 daAuts
     D:2: 72 daAuts
